 Dungeon Crawl Stone Soup version 0.31.0-11-ge490571c62 (webtiles) character file.

Game seed: 16095458678306534966

35 qw the Shooter (level 3, 0/18 HPs)
             Began as a Spriggan Hunter on Feb 4, 2024.
             Succumbed to their own poison gas
             ... on level 2 of the Dungeon.
             The game lasted 00:00:03 (616 turns).

qw the Shooter (Spriggan Hunter)                     Turns: 616, Time: 00:00:03

Health: 0/18       AC:  2    Str:  7    XL:     3   Next: 17%
Magic:  4/4        EV: 19    Int: 10    God:
Gold:   72         SH:  0    Dex: 20    Spells: 2/2 levels left

rFire   + . .        a - +0 shortbow
rCold   . . .        (shield currently unavailable)
rNeg    . . .        c - +0 robe
rPois   .            (helmet restricted)
rElec   .            (no cloak)
rCorr   .            (gloves unavailable)
SInv    +            (boots unavailable)
Will    .....        (no amulet)
Stlth   ++           f - ring of protection from fire
HPRegen 0.23/turn    (no ring)
MPRegen 0.09/turn

%: no passive effects
@: lethally poisoned (0 -> -3), very quick
A: very small, no large weapons, unfitting armour, see invisible, speed 3
a: no special abilities


You were on level 2 of the Dungeon.
You visited 1 branch of the dungeon, and saw 2 of its levels.

You collected 72 gold pieces.


Innate Abilities, Weirdness & Mutations

You are very small and have problems with some larger weapons.
You are too small for most types of armour.
You have supernaturally acute eyesight. (SInv)
You cover ground extremely quickly. (Speed+++)


   Skills:
 - Level 1.5 Fighting
 + Level 4.5 Ranged Weapons
 - Level 4.0 Dodging
 - Level 1.5 Stealth


You had 2 spell levels left.
You didn't know any spells.
Your spell library was empty.

Inventory:

Hand Weapons
 a - a +0 shortbow (weapon)
Armour
 c - a +0 robe (worn)
Jewellery
 f - a ring of protection from fire (left hand)
Potions
 h - a potion of mutation {unknown}
 i - a potion of degeneration {unknown}
 l - a potion of lignification {unknown}
 n - a potion of invisibility {unknown}

Dungeon Overview and Level Annotations

Branches:
Dungeon (2/15)

Altars:


Message History

You hear a loud clanging noise!
It was a scroll of noise.
You hear an angry hiss.
603 ||| READING scroll labelled RUEMIAMIAD.
As you read the scroll labelled RUEMIAMIAD, it crumbles to dust.
It is a scroll of enchant armour.
603 ||| ENCHANTING +0 shortbow.
604 ||| READING scroll labelled WAWKERO DUESK.
The air fills with toxic fumes!
As you read the scroll labelled WAWKERO DUESK, it crumbles to dust.
It was a scroll of poison.
605 ||| READING scroll labelled YGOBAPR HEMOC.
As you read the scroll labelled YGOBAPR HEMOC, it crumbles to dust.
The air around you briefly surges with heat, but it dissipates.
It was a scroll of immolation.
606 ||| READING scroll labelled HOESUM FASHETOOCS.
As you read the scroll labelled HOESUM FASHETOOCS, it crumbles to dust.
It is a scroll of identify.
606 ||| IDENTIFYING ruby potion;
e - a potion of brilliance
607 ||| DROPPING scroll of butterflies.
You drop a scroll of butterflies.
608 ||| DROPPING potion of brilliance.
You drop a potion of brilliance.
What level of the Dungeon? (default 1, ? - help) Sorry, I don't know how to get there.
You are engulfed in poison gas.
You are poisoned.
You feel very sick.
610 ||| Stepping ~*~*~tactically~*~*~ (cloud).
You feel sick.
Things that are here:
a potion of brilliance; a scroll of butterflies; an amulet of magic regeneration
There is a lethal amount of poison in your body!
You feel very sick.
There is a lethal amount of poison in your body!
You feel sick.
There is a lethal amount of poison in your body!
You feel sick.
There is a lethal amount of poison in your body!
You feel sick.
There is a lethal amount of poison in your body!
You feel sick.
There is a lethal amount of poison in your body!
You die...

...####...........####
#..........##
#...0000..##
#..%¤000..#
####.00#0.#
#####..#00¤##########
#
#.....####00#¤0..¤00.
# #.#####
#000#¤¤00¤00. #####.#
#.#0@00¤¤¤00. ##....#
#.###00.00¤¤. ...####
#. #0¤¤0¤00. #### #.
.000¤000. # #.
...00.¤00. #
...##000¤¤00. # .#
#¤¤00000. # .#
#0000000. # #.
#########


There were no monsters in sight!

Vanquished Creatures
  3 dart slugs (D:1)
  3 bats (D:1)
  3 endoplasms
  A giant cockroach (D:1)
  2 goblins
  2 hobgoblins (D:1)
  3 jackals (D:1)
  A quokka (D:1)
  2 ball pythons (D:1)
  2 frilled lizards
  2 kobolds (D:1)
  2 rats (D:1)
26 creatures vanquished.

Notes
Turn   | Place    | Note
-------+----------+-------------------------------------------
     0 | D:1      | qw the Spriggan Hunter began the quest for the Orb.
     0 | D:1      | Reached XP level 1. HP: 10/10 MP: 2/2
     0 | D:1      | 0 ||| qw: Version: 0.3-a-160-g6735b56
     0 | D:1      | 0 ||| qw: Game counter: 4546
     0 | D:1      | 0 ||| qw: Melee chars always use a shield: true
     0 | D:1      | 0 ||| qw: God list: Okawaru
     0 | D:1      | 0 ||| qw: Allow faded altars: false
     0 | D:1      | 0 ||| qw: Do Orc after clearing Dungeon:15 true
     0 | D:1      | 0 ||| qw: Do second Lair branch before Depths: true
     0 | D:1      | 0 ||| qw: Lair rune preference: random
     0 | D:1      | 0 ||| qw: Goals: Normal
     0 | D:1      | 0 ||| PLANNING D:1-11
    40 | D:1      | Reached skill level 3 in Dodging
   113 | D:1      | Reached XP level 2. HP: 8/14 MP: 3/3
   479 | D:1      | Reached XP level 3. HP: 18/18 MP: 4/4
   537 | D:1      | You fall into a shaft and drop 1 floor!
   600 | D:2      | 600 ||| DROPPING amulet of magic regeneration.
   601 | D:2      | 601 ||| UPGRADING to ring of protection from fire.
   602 | D:2      | 602 ||| READING scroll labelled ACISOON RIFIMN.
   603 | D:2      | 603 ||| READING scroll labelled RUEMIAMIAD.
   603 | D:2      | 603 ||| ENCHANTING +0 shortbow.
   604 | D:2      | 604 ||| READING scroll labelled WAWKERO DUESK.
   605 | D:2      | 605 ||| READING scroll labelled YGOBAPR HEMOC.
   606 | D:2      | 606 ||| READING scroll labelled HOESUM FASHETOOCS.
   606 | D:2      | 606 ||| IDENTIFYING ruby potion
   607 | D:2      | 607 ||| DROPPING scroll of butterflies.
   608 | D:2      | 608 ||| DROPPING potion of brilliance.
   610 | D:2      | 610 ||| Stepping ~*~*~tactically~*~*~ (cloud).
   613 | D:2      | HP: 3/18 [poisoned by you (poison gas)]
   614 | D:2      | HP: 1/18 [poisoned by you (poison gas)]
   616 | D:2      | Succumbed to their own poison gas

Levels and vault maps discovered:
D:1:      dpeg_arrival_round_b, layout_basic, minmay_parallelograms
D:2:      layout_rooms, dreamdust_ecumenical_altar_drowned_temple

Skill      XL: |  1  2 |
---------------+-------+-----
Dodging        | 3 4 |  4.0
Fighting       | |  1.5
Ranged Weapons | |  4.5
Stealth        | |  1.5

Action                     || total
---------------------------++-------
   Fire: Shortbow          ||    80
    Use: Scroll            ||     5
 Armour: Robe              ||    10
  Dodge: Dodged            ||    34

Table legend:
 A = Non-vault XP
 B = Vault XP
 C = Vault XP percentage of total XP
 D = Non-vault monster count
 E = Vault monster count
 F = Vault count percentage of total count
                 A         B        C        D         E       F
            +---------+---------+-------+---------+---------+-------
      Total |      51 |       0 |   0.0 |      26 |       0 |   0.0
            +---------+---------+-------+---------+---------+-------
        D:1 |      46 |       0 |   0.0 |      23 |       0 |   0.0
        D:2 |       5 |       0 |   0.0 |       3 |       0 |   0.0
            +---------+---------+-------+---------+---------+-------
